 Dungeon Crawl Stone Soup version 0.20-a0-210-gd6c29eb (webtiles) character file.

3761 Gorice the Zephyrmancer (level 9, 0/51 HPs)
             Began as a High Elf Air Elementalist on Nov 26, 2016.
             Was a Believer of Sif Muna.
             Slain by a sky beast (5 damage)
             ... on level 8 of the Dungeon.
             The game lasted 00:38:48 (7287 turns).

Gorice the Zephyrmancer (High Elf Air Elementalist) Turns: 7287, Time: 00:38:49

Health: 0/51       AC:  3    Str:  7    XL:     9   Next: 94%
Magic:  29/29      EV: 13    Int: 24    God:    Sif Muna [**....]
Gold:   399        SH:  7    Dex: 15    Spells: 8/22 levels left

rFire  . . .     SeeInvis .     f - +2 dagger (flame)
rCold  . . .     Gourm    .     k - +0 robe
rNeg   . . .     Faith    +     o - +2 buckler
rPois  .         Spirit   .     (no helmet)
rElec  .         Reflect  .     (no cloak)
rCorr  .         Harm     .     i - +0 pair of gloves
MR     .....                    (no boots)
Stlth  ++........               x - amulet of faith {!P}
                                (no ring)
                                l - ring of magical power

@: repel missiles
A: no striking features
a: Divine Energy, Renounce Religion


You were on level 8 of the Dungeon.
You worshipped Sif Muna.
Sif Muna was pleased with you.
You were not hungry.

You visited 2 branches of the dungeon, and saw 9 of its levels.
You also visited: Sewer.

You collected 399 gold pieces.

Inventory:

Hand Weapons
 a - a +2 dagger of electrocution
   (You took it off a goblin on level 2 of the Dungeon)
 f - a +2 dagger of flaming (weapon)
   (You took it off an orc wizard on level 4 of the Dungeon)
 t - a +1 dagger of draining
   (You found it on level 4 of the Dungeon)
 u - a +0 long sword
 J - a +0 great sword
 K - a +0 falchion of holy wrath
   (You took it off an orc priest on level 8 of the Dungeon)
Missiles
 L - 4 tomahawks of returning (quivered)
 Z - 294 stones
Armour
 i - a +0 pair of gloves (worn)
 k - a +0 robe (worn)
 o - a +2 buckler (worn)
Jewellery
 l - a ring of magical power (left hand)
 x - an amulet of faith (around neck) {!P}
Wands
 p - a wand of flame (41/48)
 D - a wand of iceblast (4/15)
 H - a wand of confusion (18/48)
 I - a wand of acid (9/15)
Scrolls
 e - 4 scrolls of remove curse
 v - a scroll of fear {!r}
 w - a scroll of teleportation {!r}
 y - 2 scrolls of amnesia
 z - a scroll of fog
Potions
 d - 3 potions of invisibility {!q}
 h - 4 potions of might {!q}
 j - 4 potions of flight
 m - 5 potions of curing
 q - a potion of lignification {!q}
 r - 2 potions of agility {!q}
 E - a potion of resistance {!q}
 F - a potion of haste {unknown}
Books
 b - a book of Air
 s - a book of Cantrips
 B - a book of Frost
Comestibles
 c - 10 bread rations {!e}
 g - 13 fruits
 n - 4 chunks of flesh
 A - a meat ration {!e}
 C - a slice of pizza
 G - a beef jerky


   Skills:
 - Level 2.1 Dodging
 - Level 2.1 Stealth
 - Level 4.0 Shields
 + Level 7.3 Spellcasting
 * Level 10.0 Conjurations
 - Level 10.0 Air Magic


You had 8 spell levels left.
You knew the following spells:

 Your Spells              Type           Power        Failure   Level  Hunger
a - Shock                 Conj/Air       ####         1%          1    None
b - Static Discharge      Conj/Air       ######..     1%          3    None
c - Lightning Bolt        Conj/Air       ######....   3%          5    #####..
A - Apportation           Tloc           #.........   10%         1    None
M - Repel Missiles        Chrm/Air       ####..       1%          2    None
S - Swiftness             Chrm/Air       ####....     1%          2    None


Dungeon Overview and Level Annotations

Branches:
Dungeon (8/15)             Temple (1/1) D:6
   Lair: D:8-11

Altars:
Ashenzari
Cheibriados
Dithmenos
Elyvilon
Fedhas
Gozag
Hepliaklqana
Kikubaaqudgha
Makhleb
Nemelex Xobeh
Okawaru
Qazlal
Ru
Sif Muna
Trog
Uskayaw
Vehumet
Xom
Yredelemnul
Zin
The Shining One

Annotations:
D:2 pUX...
D:7 exclusion: ice statue


Message History

You barely miss the sky beast. The sky beast misses you.
You hit the sky beast. You burn the sky beast.
The sky beast is lightly wounded.
The sky beast hits you. The sky beast shocks you.
Damage: 7 (max 7)
You closely miss the sky beast.
The sky beast is lightly wounded.
The sky beast flickers out of sight!
Deactivating autopickup; reactivate with Ctrl-A.
Something hits you. Something shocks you.
Damage: 9 (max 9)
You closely miss something. Something hits you but does no damage.
You hit something but do no damage. Something hits you. Something shocks you.
Damage: 6 (max 9)
You miss something. You block something's attack.
You closely miss something. Something hits you. Something shocks you.
* * * LOW HITPOINT WARNING * * *
Damage: 8 (max 9)
You miss something. Something hits you.
* * * LOW HITPOINT WARNING * * *
Something shocks you.
* * * LOW HITPOINT WARNING * * *
Damage: 7 (max 9)
You hit something but do no damage. Something hits you but does no damage.
Things that are here:
a dagger; a robe Evoke which item? (* to show all) (? for menu, Esc to quit)
Zapping:
D - a wand of iceblast (?/15) (will waste charges)
Press: ? - help, Shift-Dir - straight line The mass of ice explodes!
The iceblast engulfs something.
Evoking this partially-identified wand wasted a few charges.
Something hits you.
* * * LOW HITPOINT WARNING * * *
Something shocks you.
* * * LOW HITPOINT WARNING * * *
Damage: 7 (max 7) Evoke which item? (* to show all) (? for menu, Esc to quit)
Zapping:
H - a wand of confusion (?/48) (will waste charges)
Press: ? - help, Shift-Dir - straight line Nothing appears to happen.
Evoking this partially-identified wand wasted a few charges.
Something hits you.
* * * LOW HITPOINT WARNING * * *
Something shocks you.
* * * LOW HITPOINT WARNING * * *
Damage: 9 (max 9)
You feel better. Something hits you.
* * * LOW HITPOINT WARNING * * *
Something shocks you.
You die...

...#..............#
#####..............# #
.........)......########
######.................'
#..........########
######.'#### # ######.'.######
# ##########
#.............##### .........#
##{@.).#'#...#...##.
.........#
###..#####.#######....
.........#
#...##.........#######
.........###.###..#######..###
.............#_..###_._###.._#
.........#######..##...##..###
'######### ##.........##
####...#### ##_##


There were no monsters in sight!

Vanquished Creatures
  Pikel (D:5)
  Psyche (D:8)
  The ghost of Xiguana the Skirmisher, an amateur DrCK of Xom (D:4)
  A hippogriff (D:7)
  Sigmund (D:6)
  A spriggan (D:7)
  A hungry ghost (D:5)
  2 water moccasins
  An orc warrior (D:8)
  2 ice beasts
  A phantom (D:6)
  2 ogres
  3 centaurs
  Blork the orc (D:6)
  2 scorpions
  A wyvern skeleton (D:8)
  A water moccasin skeleton (D:8)
  4 wights (D:8)
  2 howler monkeys
  3 crimson imps
  A jelly (D:5)
  2 orc priests (D:8)
  A hound (D:8)
  5 orc wizards
  Jessica (D:3)
  2 worker ants
  A hound zombie (D:5)
  A worker ant zombie (D:5)
  7 adders
  2 shadow imps (D:8)
  5 oozes
  An adder skeleton (D:8)
  7 worms
  5 leopard geckos
  12 orcs
  8 giant cockroaches
  5 hobgoblins
  16 jackals
  8 kobolds
  2 quokkas (D:2)
  4 ball pythons
  13 bats
  3 frilled lizards
  A giant cockroach zombie (D:6)
  9 goblins
  A jackal zombie (D:8)
  A leopard gecko skeleton (D:5)
  A quokka zombie (D:8)
  5 rats
162 creatures vanquished.

Vanquished Creatures (others)
  A sky beast (D:5)
  2 crimson imps (D:5)
  An orc (D:8)
  A quokka (D:8)
5 creatures vanquished.

Grand Total: 167 creatures vanquished

Notes
Turn   | Place    | Note
-------+----------+-------------------------------------------
     0 | D:1      | Gorice the High Elf Air Elementalist began the quest for the Orb.
     0 | D:1      | Reached XP level 1. HP: 11/11 MP: 4/4
   197 | D:1      | Reached XP level 2. HP: 17/17 MP: 1/6
   262 | D:1      | Reached skill level 2 in Conjurations
   631 | D:1      | You fall through a shaft!
   641 | D:2      | Reached skill level 3 in Spellcasting
   715 | D:2      | Found a shimmering altar of Xom.
   732 | D:2      | Found a shimmering altar of Xom.
   809 | D:2      | Reached XP level 3. HP: 21/21 MP: 8/8
   815 | D:2      | Learned a level 2 spell: Repel Missiles
   818 | D:2      | Learned a level 2 spell: Swiftness
   822 | D:2      | Learned a level 3 spell: Static Discharge
  1096 | D:2      | Found a faded altar of an unknown god.
  1196 | D:2      | Found a sparkling altar of Nemelex Xobeh.
  1404 | D:3      | Reached skill level 3 in Conjurations
  1699 | D:3      | Noticed Jessica
  1701 | D:3      | Killed Jessica
  1701 | D:3      | Reached XP level 4. HP: 26/27 MP: 10/10
  1955 | D:4      | Found a sparkling altar of Nemelex Xobeh.
  2015 | D:4      | Noticed Xiguana's ghost (amateur DrCK)
  2058 | D:4      | Found a glowing drain.
  2070 | Sewer    | Entered a sewer
  2309 | Sewer    | Reached skill level 4 in Air Magic
  2701 | Sewer    | Reached skill level 4 in Conjurations
  2701 | Sewer    | Reached XP level 5. HP: 30/31 MP: 11/11
  2847 | D:4      | Reached skill level 4 in Spellcasting
  2952 | D:4      | Reached skill level 1 in Shields
  2973 | D:4      | Reached XP level 6. HP: 36/36 MP: 13/13
  3138 | D:4      | HP: 4/36 [Xiguana's ghost (12)]
  3167 | D:4      | Killed Xiguana's ghost
  3167 | D:4      | Reached skill level 5 in Conjurations
  3167 | D:4      | Reached skill level 5 in Air Magic
  3167 | D:4      | Reached XP level 7. HP: 16/41 MP: 14/14
  3479 | D:5      | Entered Level 5 of the Dungeon
  3490 | D:5      | Noticed Pikel
  3506 | D:4      | Reached skill level 2 in Shields
  3600 | D:5      | Killed Pikel
  3600 | D:5      | Reached skill level 5 in Spellcasting
  3600 | D:5      | Reached skill level 6 in Conjurations
  3600 | D:5      | Reached skill level 6 in Air Magic
  3600 | D:5      | Reached XP level 8. HP: 34/46 MP: 14/16
  3621 | D:5      | Reached skill level 7 in Air Magic
  3890 | D:5      | Reached skill level 7 in Conjurations
  3915 | D:5      | Reached skill level 3 in Shields
  4087 | D:6      | Noticed Blork the orc
  4103 | D:6      | Killed Blork the orc
  4113 | D:6      | HP: 13/46 [jackal (2)]
  4378 | D:6      | Learned a level 1 spell: Apportation
  4479 | D:6      | Noticed Sigmund
  4485 | D:6      | Killed Sigmund
  4485 | D:6      | Reached skill level 8 in Air Magic
  4675 | D:6      | Found a blossoming altar of Fedhas.
  4686 | D:6      | Reached skill level 6 in Spellcasting
  4730 | D:6      | Reached skill level 8 in Conjurations
  4730 | D:6      | Reached XP level 9. HP: 45/51 MP: 19/19
  4731 | D:6      | --Wow that's 3x clever x2!
  4940 | D:6      | Found a staircase to the Ecumenical Temple.
  4950 | Temple   | Entered the Ecumenical Temple
  5132 | Temple   | Became a worshipper of Sif Muna the Loreminder
  6007 | D:7      | Noticed an ice statue
  6092 | D:7      | Reached skill level 4 in Shields
  6092 | D:7      | Reached skill level 9 in Air Magic
  6151 | D:7      | Learned a level 5 spell: Lightning Bolt
  6628 | D:8      | Reached * piety under Sif Muna
  6696 | D:8      | Noticed Psyche
  6702 | D:8      | Killed Psyche
  6702 | D:8      | Reached skill level 9 in Conjurations
  6791 | D:8      | Reached skill level 10 in Air Magic
  6812 | D:8      | Reached skill level 7 in Spellcasting
  6926 | D:8      | Found a glowing silver altar of Zin.
  6926 | D:8      | Found a faded altar of an unknown god.
  6932 | D:8      | Found a sacrificial altar of Ru.
  6934 | D:8      | Found a radiant altar of Vehumet.
  6936 | D:8      | Found a faded altar of an unknown god.
  6999 | D:8      | Reached ** piety under Sif Muna
  7162 | D:8      | Reached skill level 10 in Conjurations
  7274 | D:8      | HP: 15/51 [something (6)]
  7285 | D:8      | HP: 10/51 [something (6)]
  7286 | D:8      | HP: 1/51 [something (6)]
  7287 | D:8      | Slain by a sky beast

Vault maps used:
D:1:      minmay_arrival_radiant_lines, hangedman_decor_points
D:2:      xom_redecorated, nemelex_altar_shiori,
          chequers_ecumenical_altar_grove, minmay_misc_feat_iff
D:3:      uniq_jessica
D:4:      first_bread, portal_sewer_entry_d, nemelex_lonely_heart_becter
D:5:      uniq_pikel
D:6:      fedhas_bush_and_centaur_altar, uniq_sigmund, uniq_blork_the_orc
D:7:      lemuel_ice_statue, the_bakery, glass_columns_a
D:8:      chequers_temple_overflow_minitemple, grunt_ministairs_10, uniq_psyche
Temple:   eino_temple_scatter_basement
Sewer:    sewer_fruit_machine

Skill      XL: |  1  2  3  4  5  6  7  8  9 |
---------------+----------------------------+-----
Conjurations   | 2 3 4 5 6 8 10 | 10.0
Spellcasting   | 3 4 5 6 7 |  7.3
Air Magic      | 4 5 6 8 10 | 10.0
Shields        | 1 2 3 4 |  4.0
Dodging        | |  2.1
Stealth        | |  2.1

Action                   |  1- 3 |  4- 6 |  7- 9 || total
-------------------------+-------+-------+-------++-------
Melee: Dagger            |     6 |    28 |    74 ||   108
 Cast: Shock             |    85 |    78 |   201 ||   364
       Repel Missiles    |     1 |       |       ||     1
       Static Discharge  |       |     9 |    31 ||    40
       Lightning Bolt    |       |       |     5 ||     5
Evoke: Wand              |       |       |     2 ||     2
  Use: Scroll            |    11 |     2 |     7 ||    20
       Potion            |       |     3 |     1 ||     4
 Stab: Sleeping          |     1 |       |       ||     1
  Eat: Chunk             |     2 |     5 |    12 ||    19
       Pizza             |       |       |     2 ||     2
Armor: Robe              |     7 |    15 |    10 ||    32
Dodge: Dodged            |    24 |    60 |    63 ||   147
       Deflected         |       |       |     3 ||     3
Block: Buckler           |       |       |    46 ||    46

Table legend:
 A = Turns spent in this place as a percentage of turns spent in the entire game.
 B = Non-inter-level travel turns spent in this place as a percentage of non-inter-level travel turns spent in the entire game.
 C = Inter-level travel turns spent in this place as a percentage of turns spent in this place.
 D = Turns resting spent in this place as a percentage of non-inter-level travel turns spent in this place.
 E = Turns spent auto-exploring this place as a percentage of non-inter-level travel turns spent in this place.
 F = Non-inter-level travel turns spent in this place divided by the number of levels of this place that you've seen.
                   A       B       C       D       E      F
               +-------+-------+-------+-------+-------+----------------------
         Total | 100.0 | 100.0 |   0.6 |   2.8 |   7.3 | 232.8
       Dungeon |  82.5 |  82.4 |   0.7 |   3.0 |   7.7 | 239.9
        Temple |   1.7 |   1.6 |   5.0 |   0.0 |  39.5 |  38.0
         Sewer |  15.8 |  15.9 |   0.0 |   1.9 |   1.6 | 371.0
               +-------+-------+-------+-------+-------+----------------------

Vault maps used:
D:1:      minmay_arrival_radiant_lines, hangedman_decor_points
D:2:      xom_redecorated, nemelex_altar_shiori,
          chequers_ecumenical_altar_grove, minmay_misc_feat_iff
D:3:      uniq_jessica
D:4:      first_bread, portal_sewer_entry_d, nemelex_lonely_heart_becter
D:5:      uniq_pikel
D:6:      fedhas_bush_and_centaur_altar, uniq_sigmund, uniq_blork_the_orc
D:7:      lemuel_ice_statue, the_bakery, glass_columns_a
D:8:      chequers_temple_overflow_minitemple, grunt_ministairs_10, uniq_psyche
Temple:   eino_temple_scatter_basement
Sewer:    sewer_fruit_machine
